Map: Pride of Altaris LE

Players

Warthog

  • Race: Terran Terran
  • League: Master
  • Spawn Location: 11:00

MMRDonator - Winner!

  • Race: Zerg Zerg
  • League: Master
  • Spawn Location: 5:00

VOD

Have the link to the VOD?

Description

Time

  • Played on: Jan. 4, 2022, 9:14 p.m.
  • Length: 17:40
Show
View Real Time Build Order
Export as new Build Order

Warthog Terran 

Build Orders: Liberator Opening, Reaper Expand, Mech 

Get SALT Encoding   

  12  0:00  SCV  
  13  0:12  SCV  
  14  0:17  Supply Depot  
  14  0:25  SCV  
  15  0:39  SCV  
  15  0:40  Barracks  
  16  0:44  Refinery  
  16  0:51  SCV  
  17  1:03  SCV  
  18  1:15  SCV  
  19  1:27  Reaper, Orbital Command  
  20  1:39  Command Center  
  20  1:47  Supply Depot  
  20  1:53  SCV  
  21  1:59  Marine  
  22  2:06  SCV  
  23  2:11  Factory  
  23  2:15  Refinery  
  23  2:18  SCV  
  23  2:21  Barracks Reactor  
  24  2:30  SCV  
  25  2:42  SCV  
  26  2:55  SCV  
  26  2:56  Starport  
  27  3:01  Orbital Command  
  27  3:07  SCV  
  27  3:09  Barracks Tech Lab  
  27  3:11  Hellion x2  
  32  3:16  Supply Depot  
  32  3:19  SCV  
  33  3:26  SCV  
  34  3:31  SCV  
  34  3:32  Hellion x2  
  34  3:33  Liberator  
  42  3:39  SCV  
  43  3:43  SCV  
  43  3:48  Supply Depot  
  44  3:51  SCV  
  44  3:54  Hellion x2  
  49  4:00  SCV  
  50  4:03  SCV  
  51  4:12  SCV  
  51  4:15  SCV  
  53  4:17  Command Center  
  53  4:21  Supply Depot  
  53  4:23  Liberator  
  53  4:24  SCV  
  57  4:27  SCV  
  58  4:32  Refinery  
  58  4:33  Refinery  
  58  4:36  Hellion x2  
  62  4:43  SCV x2  
  64  4:55  SCV x2  
  64  4:57  Hellion x2  
  62  5:07  SCV  
  62  5:11  Armory, Factory  
  62  5:12  Factory  
  59  5:15  Armory  
  59  5:17  SCV  
  59  5:18  Hellion  
  60  5:21  SCV  
  60  5:25  Starport Tech Lab  
  61  5:32  Factory  
  61  5:34  SCV x2, Orbital Command  
  63  5:37  Factory  
  63  5:39  Barracks Tech Lab  
  63  5:51  SCV  
  63  5:54  Hellion  
  66  6:03  Orbital Command  
  66  6:06  Factory Reactor  
  66  6:07  Terran Vehicle Weapons Level 1, Terran Vehicle And Ship Armor Level 1  
  66  6:08  Engineering Bay  
  66  6:09  SCV  
  66  6:11  SCV  
  68  6:15  Supply Depot, Refinery x2  
  68  6:19  Supply Depot, Starport Tech Lab  
  68  6:21  SCV  
  68  6:23  SCV, Infernal Pre-Igniter  
  68  6:24  Cyclone  
  70  6:29  SCV  
  71  6:33  SCV  
  71  6:35  SCV  
  73  6:42  SCV  
  73  6:46  SCV  
  78  6:47  Cyclone, SCV  
  78  6:48  Hellion  
  78  6:53  Cyclone, Hellion x2  
  78  6:54  SCV  
  89  6:58  SCV  
  89  6:59  Supply Depot, SCV  
  89  7:01  Supply Depot  
  91  7:06  SCV  
  92  7:10  SCV, Banshee  
  92  7:11  SCV  
  97  7:18  SCV  
  97  7:19  Hellion  
  97  7:21  Cyclone x2, Hellion  
  97  7:22  SCV  
  109  7:23  SCV  
  109  7:25  Supply Depot  
  109  7:26  Supply Depot  
  110  7:30  SCV  
  110  7:34  SCV  
  110  7:35  SCV  
  113  7:38  Cyclone  
  113  7:42  SCV  
  113  7:43  Missile Turret  
  113  7:44  Missile Turret  
  117  7:45  Missile Turret  
  117  7:47  Hellion  
  117  7:48  Supply Depot  
  119  7:53  Siege Tank x2  
  125  8:09  Banshee  
  125  8:10  Siege Tank  
  128  8:17  Mag-Field Accelerator  
  128  8:25  Supply Depot, Siege Tank x2  
  128  8:26  Supply Depot  
  88  8:41  Hellion  
  88  8:42  Siege Tank  
  85  8:51  Hellion  
  85  8:52  SCV  
  85  8:53  SCV x2  
  83  8:57  Cyclone, Siege Tank  
  88  9:08  SCV x2  
  90  9:10  Supply Depot  
  90  9:11  Supply Depot  
  90  9:14  Cyclone  
  93  9:18  Terran Vehicle Weapons Level 2  
  93  9:20  SCV x2  
  95  9:27  Command Center, SCV  
  95  9:29  Siege Tank x2  
  95  9:30  Terran Vehicle And Ship Armor Level 2  
  102  9:32  SCV  
  102  9:33  Hellion x3  
  102  9:34  Hellion  
  111  9:46  Siege Tank  
  114  9:54  Banshee  
  114  9:56  Factory  
  114  9:58  Factory  
  114  9:59  Hellion x2  
  125  10:00  Hellion x2  
  125  10:03  SCV x3  
  128  10:20  Hellion  
  132  10:21  Hellion  
  132  10:26  Thor  
  138  10:47  Thor  
  138  10:49  Thor  
  150  10:52  Supply Depot  
  150  11:08  Thor  
  149  11:25  Hellion x3, Factory Reactor  
  134  11:30  Thor, SCV  
  134  11:32  Thor  
  141  11:33  Planetary Fortress  
  141  11:36  SCV x2  
  143  11:46  Refinery  
  143  11:47  Hellion x2  
  143  11:51  Thor  
  139  12:08  Hellion x2  
  139  12:10  SCV x4  
  139  12:13  Cyclone  
  139  12:15  Cyclone  
  149  12:22  Hellion x2, SCV x4  
  157  12:25  Refinery  
  157  12:26  Hellion  
  157  12:34  Cyclone  
  157  12:35  Hellion  
  149  12:39  Hellion, SCV  
  152  12:45  Cyclone  
  152  12:46  SCV  
  152  12:47  Cyclone  
  155  13:04  Hellion x2  
  159  13:06  Cyclone, Factory Tech Lab  
  162  13:16  Factory Tech Lab  
  162  13:17  Cyclone  
  162  13:19  Cyclone  
  168  13:22  Hellion  
  170  13:31  Cyclone, Hellion  
  160  13:38  Cyclone  
  156  13:42  Command Center  
  156  13:46  Cyclone  
  159  13:49  Cyclone  
  159  13:51  Cyclone  
  159  14:01  Hellion x2  
  159  14:02  Hellion  
  162  14:03  Cyclone  
  165  14:11  Cyclone  
  165  14:16  Hellion  
  166  14:18  Siege Tank  
  166  14:21  Cyclone  
  166  14:22  Hellion x2  
  172  14:31  Cyclone  
  172  14:33  Hellion  
  172  14:36  Hellion  
  172  14:38  Hellion  
  145  14:43  Cyclone  
  145  14:44  Hellion x2  
  142  14:49  SCV  
  142  14:51  Hellion  
  145  14:54  Cyclone  
  145  14:58  Hellion x2  
  144  15:03  Cyclone  
  143  15:23  Cyclone, Hellion x2  
  143  15:26  SCV x2  
  144  15:31  Hellion x2  
  143  15:47  Hellion x3  
  147  15:59  Hellion  
  149  16:07  SCV x2  
  149  16:08  Planetary Fortress  
  143  16:22  Command Center  
  143  16:29  Cyclone x2  
  114  16:50  Siege Tank x2  
  114  16:51  Cyclone, Hellion x2  
  108  17:01  Cyclone  
  104  17:13  Hellion  
Show
View Real Time Build Order
Export as new Build Order

MMRDonator Zerg - Winner!

Build Orders: Hatch First, Swarm Host 

Get SALT Encoding   

  12  0:00  Drone  
  13  0:12  Overlord  
  13  0:16  Drone  
  14  0:30  Drone x2  
  16  0:47  Hatchery  
  15  0:50  Drone  
  15  0:54  Drone  
  17  0:57  Drone  
  18  1:07  Extractor  
  17  1:12  Spawning Pool  
  17  1:15  Drone  
  17  1:19  Drone  
  18  1:27  Drone  
  19  1:39  Drone  
  20  1:50  Drone  
  21  1:59  Queen x2  
  25  2:05  Zergling x4  
  27  2:11  Overlord  
  27  2:13  Drone  
  28  2:20  Hatchery  
  27  2:24  Drone  
  27  2:29  Spore Crawler  
  27  2:30  Drone  
  27  2:35  Spore Crawler  
  27  2:36  Drone  
  28  2:42  Overlord  
  30  2:45  Drone x2  
  32  2:56  Queen, Drone x2  
  36  3:01  Metabolic Boost  
  36  3:03  Drone  
  37  3:11  Drone x4  
  41  3:15  Queen  
  41  3:19  Drone  
  44  3:23  Overlord  
  44  3:25  Overlord  
  44  3:33  Drone x2  
  46  3:36  Queen  
  48  3:44  Drone x2  
  48  3:45  Overlord  
  48  3:46  Queen  
  52  3:51  Drone x3  
  52  3:53  Zergling x2  
  56  3:56  Zergling x4  
  56  3:57  Zergling x2  
  59  4:03  Baneling Nest  
  59  4:06  Queen  
  59  4:08  Overlord  
  60  4:11  Drone x2  
  60  4:17  Drone x4  
  66  4:26  Queen x2  
  66  4:27  Overlord  
  70  4:33  Spore Crawler  
  70  4:34  Spore Crawler  
  70  4:36  Drone  
  70  4:37  Spore Crawler  
  68  4:38  Drone x2  
  68  4:40  Drone  
  68  4:45  Overlord  
  71  4:47  Zergling x6  
  71  4:49  Drone  
  68  5:00  Drone x9  
  68  5:04  Drone  
  74  5:08  Drone  
  74  5:12  Lair  
  74  5:14  Overlord  
  75  5:18  Extractor  
  75  5:20  Extractor  
  73  5:21  Drone x2  
  73  5:24  Roach Warren  
  74  5:30  Drone x5  
  74  5:35  Overlord  
  79  5:39  Extractor  
  79  5:40  Extractor  
  76  5:46  Drone  
  76  5:47  Drone x3, Extractor  
  79  5:53  Overlord  
  79  5:54  Zergling x6  
  82  6:01  Overlord  
  82  6:09  Overlord, Evolution Chamber  
  82  6:11  Evolution Chamber  
  80  6:13  Drone x6  
  80  6:15  Drone x3  
  89  6:22  Drone  
  90  6:27  Overlord  
  90  6:29  Glial Reconstitution  
  90  6:31  Hatchery  
  89  6:34  Roach x6  
  89  6:39  Overlord  
  100  6:42  Roach x3  
  100  6:45  Roach x3  
  112  6:55  Overseer  
  112  6:57  Overlord  
  112  7:00  Zerg Ground Armor Level 1, Zerg Missile Weapons Level 1  
  112  7:02  Roach x5  
  122  7:11  Roach x6  
  134  7:18  Overlord  
  134  7:20  Overlord  
  134  7:22  Roach x3  
  140  7:25  Roach  
  142  7:30  Roach x2  
  142  7:35  Roach  
  148  7:37  Roach x6  
  148  7:39  Ravager x4  
  148  7:40  Ravager  
  148  7:41  Ravager x2  
  167  7:44  Overlord  
  167  7:48  Roach x3  
  172  7:55  Overlord  
  172  7:56  Roach  
  174  8:04  Overlord x2  
  173  8:06  Infestation Pit  
  173  8:07  Overlord  
  170  8:14  Roach  
  170  8:15  Roach x6  
  170  8:17  Overlord x2  
  164  8:35  Roach x10  
  151  8:41  Roach x3  
  151  8:42  Roach  
  151  8:46  Drone x3  
  130  9:01  Drone x5  
  133  9:05  Hive  
  131  9:11  Overlord  
  131  9:14  Drone x7  
  138  9:19  Spire  
  138  9:23  Overseer  
  137  9:34  Swarm Host x9  
  164  9:41  Extractor  
  164  9:42  Swarm Host  
  164  9:43  Swarm Host  
  169  9:51  Overseer  
  169  9:54  Swarm Host x2  
  169  9:56  Hatchery  
  172  10:00  Pneumatized Carapace  
  172  10:03  Drone  
  172  10:04  Drone x3  
  172  10:06  Extractor  
  175  10:09  Swarm Host x2  
  181  10:25  Swarm Host  
  181  10:26  Swarm Host x3  
  189  10:52  Roach x5  
  191  11:24  Drone x7  
  191  11:30  Ravager x9  
  191  11:31  Overlord  
  200  11:43  Zerg Missile Weapons Level 2  
  200  11:44  Zerg Ground Armor Level 2  
  194  12:01  Roach x8  
  192  12:38  Roach x4  
  194  12:57  Spine Crawler x2  
  190  12:58  Spine Crawler x3  
  190  13:00  Spine Crawler x2  
  190  13:01  Spine Crawler  
  190  13:02  Spine Crawler x3  
  190  13:03  Spine Crawler  
  167  13:35  Roach x18  
  198  13:43  Roach  
  185  13:59  Zergling x48  
  185  14:00  Zergling x2  
  194  14:05  Ravager x6  
  176  14:32  Zergling x24  
  176  14:33  Zergling x8  
  170  14:42  Roach  
  170  14:43  Roach  
  162  14:46  Roach x11  
  162  14:50  Ravager x2  
  181  14:55  Roach x2  
  169  15:01  Roach x3  
  170  15:10  Roach x5  
  178  15:14  Hatchery  
  178  15:21  Zergling x10  
  179  15:38  Roach x7  
  188  16:09  Roach x6  
  197  16:27  Ravager x3  
  182  16:53  Roach x12  
  182  16:54  Roach x3  
  181  17:12  Roach x5  
Tags
 
Add a new tag
Caveats
  • Supply blocks, unpowered buildings, or Contaminate may cause inaccurate times.
  • Supply counts are checked every 10 seconds.